 Dungeon Crawl Stone Soup version 0.30-a0-166-g5d06c95188 (webtiles) character file.

Game seed: 12325490722077986510

2095 qw the Cleaver (level 9, -1/55 HPs)
             Began as a Gargoyle Fighter on Sept 29, 2022.
             Was a Believer of Okawaru.
             Slain by an orc warrior
             ... wielding a +4 halberd of protection
              (8 damage)
             ... on level 7 of the Dungeon.
             The game lasted 00:02:08 (6106 turns).

qw the Cleaver (Gargoyle Fighter)                   Turns: 6106, Time: 00:02:09

Health: -1/55      AC: 29    Str: 23    XL:     9   Next: 27%
Magic:  11/12      EV:  8    Int: 10    God:    Okawaru [**....]
Gold:   255        SH: 11    Dex: 15    Spells: 8/8 levels left

rFire   . . .      SeeInvis +    Y - +3 war axe
rCold   x . .      Faith    .    o - +0 kite shield
rNeg    + + +      Spirit   .    g - +1 plate armour
rPois   inf        Reflect  .    q - +2 hat
rElec   +          Harm     .    (no cloak)
rCorr   .          Rampage  .    (no gloves)
Will    .....                    n - +0 pair of boots
Stlth   ..........               (no amulet)
HPRegen 0.18/turn                f - ring of the Demon Prince {*Corrode rC- rN+++ Dex+6 SInv}
MPRegen 0.13/turn                k - +4 ring of protection

@: heroic
A: sickness immunity, AC +6, negative energy resistance 1, electricity
resistance, torment resistance 1, petrification resistance
a: Renounce Religion, Heroism


You were on level 7 of the Dungeon.
You worshipped Okawaru.
Okawaru was pleased with you.
You visited 2 branches of the dungeon, and saw 8 of its levels.

You collected 447 gold pieces.
You spent 192 gold pieces at shops.


Innate Abilities, Weirdness & Mutations

You are immune to sickness and miasma.
Your stone body is resilient. (AC +6)
You are immune to poison.
You resist negative energy. (rN+)
You are resistant to electric shocks. (rElec)
You are resistant to unholy torment.
You are immune to petrification.


   Skills:
 - Level 6.0(11.0) Fighting
 - Level 8.0(13.0) Axes
 - Level 2.0(7.0) Throwing
 - Level 4.9(9.9) Armour
 - Level 1.8(6.8) Dodging
 + Level 4.5(9.5) Shields
 - Level 4.1 Invocations


You had 8 spell levels left.
You didn't know any spells.
Your spell library was empty.

Inventory:

Hand Weapons
 b - a +1 vorpal flail
 Y - a +3 war axe (weapon)
Missiles
 m - 5 boomerangs (quivered)
Armour
 g - a +1 plate armour (worn)
 n - a +0 pair of boots (worn)
 o - a +0 kite shield (worn)
 q - a +2 hat (worn)
Jewellery
 f - the ring of the Demon Prince (left hand) {*Corrode rC- rN+++ Dex+6 SInv}
   (You acquired it on level 1 of the Dungeon)

   [ring of see invisible]

   Dex:       It affects your dexterity (+6).
   rC:        It makes you vulnerable to cold.
   rN:        It renders you almost immune to negative energy.
   SInv:      It lets you see invisible.
   *Corrode:  It may corrode you when you take damage.
 k - a +4 ring of protection (right hand)
 w - the ring "Fedive" {Ice rElec Str+4}
   (You found it on level 6 of the Dungeon)

   [ring of ice]

   It enhances your ice magic.
   Str:       It affects your strength (+4).
   rF:        It makes you vulnerable to fire.
   rC:        It protects you from cold.
   rElec:     It insulates you from electricity.
Scrolls
 h - 2 scrolls of identify
Potions
 a - 6 potions of curing
 d - a potion of might
 e - 2 potions of lignification
 i - a potion of cancellation
 l - a potion of resistance
 r - 2 potions of haste
 s - a potion of attraction

Dungeon Overview and Level Annotations

Branches:
Dungeon (7/15)             Temple (1/1) D:4

Altars:
Ashenzari
Cheibriados
Elyvilon
Gozag
Hepliaklqana
Kikubaaqudgha
Makhleb
Nemelex Xobeh
Okawaru
Qazlal
Ru
Sif Muna
Trog
Uskayaw
Vehumet
Xom
Yredelemnul
The Shining One

Shops:
D:3 !

Annotations:
D:3 3 runed translucent doors, 2 transporters, qw's ghost, amateur GrFi; qw's ghost, weakling GrFi


Message History

You start resting.
You feel like a meek peon again.
An orc priest is nearby!
6094 ||| FLEEEEING.
The orc warrior shouts!
6095 ||| Stepping ~*~*~tactically~*~*~ (hiding).
6096 ||| FLEEEEING.
6097 ||| INVOKING Heroism.
You gain the combat prowess of a mighty hero.
The orc warrior hits you but does no damage.
The orc warrior closely misses you.
You closely miss the orc warrior. You slash the orc priest!
You block the orc priest's attack.
The orc warrior hits you but does no damage.
You completely miss the orc priest.
The orc priest is severely wounded.
You hit the orc warrior.
The orc priest calls down the wrath of Beogh upon you.
You are unaffected.
The orc warrior hits you but does no damage.
You completely miss the orc priest.
The orc priest is severely wounded.
You hit the orc warrior. The orc priest closely misses you.
The orc warrior hits you but does no damage.
You slice the orc priest!!
You kill the orc priest!
Okawaru accepts your kill.
You slash the orc warrior!
The orc warrior hits you with a +4 halberd of protection.
You barely miss the orc warrior.
The orc warrior is severely wounded.
You block the orc warrior's attack.
You closely miss the orc warrior.
The orc warrior is severely wounded.
The orc warrior hits you with a +4 halberd of protection!
You closely miss the orc warrior.
The orc warrior is severely wounded.
The orc warrior hits you with a +4 halberd of protection!
You die...

...#.#.[..##...............#
.. #.....#######...####..# .
#.......# #.........#
###.....# #...####.##
##...## #...# #.# ##.##
##...# #.# #. #.. #.oo....
#.######o# ##.####.
###......@#####. ...
..........)...... ...
####.###.#######. ..... #
#))# #.... #..# #..... #..#
...# ....# ....#


You could see an orc warrior.

Vanquished Creatures
  Grum (D:6)
  An ice beast (D:6)
  A wolf (D:6)
  An ogre (D:6)
  Blork the orc (D:5)
  A necrophage (D:4)
  2 bullfrogs
  3 gnoll sergeants (D:6)
  5 scorpions
  8 hounds (D:6)
  A gnoll bouda (D:6)
  6 orc priests
  2 jellies
  2 iguanas (D:6)
  3 orc wizards
  12 gnolls (D:6)
  8 adders
  3 white imps
  2 ufetubi (D:6)
  A worm (D:2)
  4 dart slugs
  12 orcs
  6 ball pythons
  3 endoplasms
  A giant cockroach (D:1)
  7 goblins
  5 hobgoblins
  18 jackals
  6 kobolds
  A quokka (D:4)
  A bat (D:1)
  5 frilled lizards
  7 rats
140 creatures vanquished.

Notes
Turn   | Place    | Note
-------+----------+-------------------------------------------
     0 | D:1      | qw the Gargoyle Fighter began the quest for the Orb.
     0 | D:1      | Reached XP level 1. HP: 14/14 MP: 1/1
     0 | D:1      | 0 ||| qw: Version: 0.2-a-12-gaebbb33
     0 | D:1      | 0 ||| qw: Game counter: 1054
     0 | D:1      | 0 ||| qw: Always use a shield: true
     0 | D:1      | 0 ||| qw: God list: Okawaru
     0 | D:1      | 0 ||| qw: Allow faded altars: false
     0 | D:1      | 0 ||| qw: Do Orc after D:15 true
     0 | D:1      | 0 ||| qw: Do second Lair branch before Depths: true
     0 | D:1      | 0 ||| qw: Lair rune preference: random
     0 | D:1      | 0 ||| qw: Plans: Normal, Zot:1-4, God:TSO, Crypt, Tomb,
                  | Pan, Slime:5, Hells, Abyss, Orb
     0 | D:1      | 0 ||| PLANNING D:1-11
    45 | D:1      | Reached skill level 2 in Axes
   141 | D:1      | 141 ||| Stepping ~*~*~tactically~*~*~ (stealth).
   152 | D:1      | Reached XP level 2. HP: 15/19 MP: 2/2
   242 | D:1      | 242 ||| Stepping ~*~*~tactically~*~*~ (hiding).
   518 | D:1      | 518 ||| Stepping ~*~*~tactically~*~*~ (stealth).
   908 | D:1      | Reached skill level 3 in Axes
  1028 | D:1      | 1028 ||| UPGRADING to +0 plate armour.
  1038 | D:1      | 1038 ||| DROPPING +0 scale mail.
  1039 | D:1      | 1039 ||| READING scroll labelled HIHIFUSKUT.
  1040 | D:1      | 1040 ||| READING scroll labelled SUATRA CEFU CYLOS.
  1041 | D:1      | 1041 ||| READING scroll labelled FOREWO LIEMU.
  1042 | D:1      | 1042 ||| DRINKING 2 lumpy golden potions.
  1127 | D:2      | Reached XP level 3. HP: 23/23 MP: 3/3
  1129 | D:2      | 1129 ||| DROPPING +0 club.
  1162 | D:2      | Reached skill level 1 in Throwing
  1162 | D:2      | 1162 ||| FLEEEEING.
  1296 | D:2      | 1296 ||| Stepping ~*~*~tactically~*~*~ (stealth).
  1298 | D:2      | 1298 ||| Stepping ~*~*~tactically~*~*~ (hiding).
  1358 | D:2      | Identified the +1 leather armour of Tidetew {rPois rF+
                  | Will- Str+4}
  1420 | D:2      | Reached XP level 4. HP: 14/28 MP: 4/4
  1420 | D:2      | 1420 ||| FLEEEEING.
  1421 | D:2      | 1421 ||| FLEEEEING.
  1422 | D:2      | 1422 ||| FLEEEEING.
  1423 | D:2      | 1423 ||| FLEEEEING.
  1440 | D:2      | 1440 ||| STAIRDANCE
  1634 | D:1      | 1634 ||| READING scroll labelled YSHOYC IFEZ JAQ.
  1634 | D:1      | Identified a scroll of acquirement
  1634 | D:1      | 1634 ||| ACQUIRING ring of the Demon Prince {*Corrode rC-
                  | rN+++ Dex+6 SInv}
  1634 | D:1      | Acquired the ring of the Demon Prince {*Corrode rC- rN+++
                  | Dex+6 SInv}
  1636 | D:1      | 1636 ||| UPGRADING to ring of the Demon Prince {*Corrode
                  | rC- rN+++ Dex+6 SInv}.
  1637 | D:1      | 1637 ||| READING scroll labelled NEUG TASYRHUI.
  1638 | D:1      | 1638 ||| DRINKING 2 yellow potions.
  1726 | D:2      | 1726 ||| Stepping ~*~*~tactically~*~*~ (stealth).
  1840 | D:3      | Found a runed translucent gate.
  1841 | D:3      | Found a runed translucent gate.
  1842 | D:3      | Found a runed translucent gate.
  1843 | D:3      | Noticed qw's ghost (weakling GrFi)
  1843 | D:3      | Noticed qw's ghost (amateur GrFi)
  1861 | D:3      | Reached skill level 4 in Axes
  1867 | D:3      | 1867 ||| Stepping ~*~*~tactically~*~*~ (stealth).
  2002 | D:3      | 2002 ||| READING scroll of enchant weapon.
  2002 | D:3      | 2002 ||| ENCHANTING +1 war axe.
  2007 | D:3      | 2007 ||| READING scroll of enchant armour.
  2007 | D:3      | 2007 ||| ENCHANTING +0 plate armour.
  2097 | D:3      | Found a transporter.
  2116 | D:3      | Found a transporter.
  2202 | D:3      | Found a shimmering blue altar of Sif Muna.
  2211 | D:3      | Reached XP level 5. HP: 32/32 MP: 5/5
  2342 | D:3      | Found Uhocyrch's Distillery.
  2348 | D:3      | 2348 ||| BUYING potion of curing (36 gold).
  2348 | D:3      | Bought a potion of curing for 36 gold pieces
  2348 | D:3      | 2348 ||| BUYING potion of curing (36 gold).
  2348 | D:3      | Bought a potion of curing for 36 gold pieces
  2348 | D:3      | 2348 ||| BUYING potion of haste (120 gold).
  2348 | D:3      | Bought a potion of haste for 120 gold pieces
  2348 | D:3      | 2348 ||| SHOPLISTING potion of heal wounds (60 gold, have
                  | 20).
  2348 | D:3      | 2348 ||| SHOPLISTING potion of lignification (36 gold, have
                  | 20).
  2348 | D:3      | 2348 ||| SHOPLISTING potion of might (48 gold, have 20).
  2348 | D:3      | 2348 ||| SHOPLISTING potion of resistance (120 gold, have
                  | 20).
  2600 | D:3      | 2600 ||| UPGRADING to +0 pair of boots.
  2605 | D:3      | 2605 ||| UPGRADING to +2 hat.
  2610 | D:3      | 2610 ||| DROPPING amulet of magic regeneration.
  2611 | D:3      | 2611 ||| READING scroll labelled CIUNTO HICOA.
  2612 | D:3      | 2612 ||| READING scroll labelled EPSOIHU BOSUEN.
  2613 | D:3      | 2613 ||| READING 3 scrolls of identify.
  2613 | D:3      | 2613 ||| IDENTIFYING emerald potion
  2614 | D:3      | 2614 ||| READING 2 scrolls of identify.
  2614 | D:3      | 2614 ||| IDENTIFYING white potion
  2615 | D:3      | 2615 ||| DROPPING potion of magic.
  2640 | D:4      | Found a staircase to the Ecumenical Temple.
  2641 | D:4      | 2641 ||| PLANNING TEMPLE
  2641 | D:4      | 2641 ||| STAIRDANCE
  2692 | Temple   | Entered the Ecumenical Temple
  2692 | Temple   | Found a transporter.
  2692 | Temple   | Found a transporter.
  2694 | Temple   | Found a transporter.
  2694 | Temple   | Found a transporter.
  2704 | Temple   | 2704 ||| PLANNING D:1-11
  2707 | Temple   | 2707 ||| PLANNING OKAWARU WORSHIP
  2712 | Temple   | Became a worshipper of Warmaster Okawaru
  2713 | Temple   | 2713 ||| PLANNING D:1-11
  3002 | D:4      | Reached skill level 5 in Axes
  3332 | D:4      | 3332 ||| DROPPING scarf of shadows.
  3333 | D:4      | 3333 ||| UPGRADING to +4 ring of protection.
  3334 | D:4      | 3334 ||| READING scroll labelled UDWAUFIGRO.
  3352 | D:5      | Entered Level 5 of the Dungeon
  3391 | D:5      | Noticed Blork the orc
  3392 | D:5      | 3392 ||| Stepping ~*~*~tactically~*~*~ (hiding).
  3412 | D:5      | Killed Blork the orc
  3412 | D:5      | Reached * piety under Okawaru
  3413 | D:5      | Reached skill level 1 in Dodging
  3413 | D:5      | Reached XP level 6. HP: 31/37 MP: 6/6
  3489 | D:5      | 3489 ||| INVOKING Heroism.
  3490 | D:5      | 3490 ||| INVOKING Heroism.
  3492 | D:5      | 3492 ||| Stepping ~*~*~tactically~*~*~ (stealth).
  3496 | D:5      | 3496 ||| Stepping ~*~*~tactically~*~*~ (stealth).
  3555 | D:5      | 3555 ||| DROPPING +0 whip.
  3659 | D:5      | Reached skill level 1 in Invocations
  3716 | D:5      | 3716 ||| Stepping ~*~*~tactically~*~*~ (stealth).
  3727 | D:5      | Reached XP level 7. HP: 42/43 MP: 6/8
  4124 | D:5      | 4124 ||| Stepping ~*~*~tactically~*~*~ (hiding).
  4125 | D:5      | 4125 ||| Stepping ~*~*~tactically~*~*~ (hiding).
  4505 | D:5      | 4505 ||| DRINKING 2 silvery potions.
  4544 | D:5      | 4544 ||| READING 2 scrolls of identify.
  4544 | D:5      | 4544 ||| IDENTIFYING puce potion
  4623 | D:6      | 4623 ||| Stepping ~*~*~tactically~*~*~ (stealth).
  4624 | D:6      | 4624 ||| Stepping ~*~*~tactically~*~*~ (stealth).
  4628 | D:6      | Reached skill level 3 in Invocations
  4642 | D:6      | 4642 ||| INVOKING Heroism.
  4649 | D:6      | Reached skill level 6 in Axes
  4775 | D:6      | Reached XP level 8. HP: 48/48 MP: 9/11
  4812 | D:6      | 4812 ||| Stepping ~*~*~tactically~*~*~ (stealth).
  4813 | D:6      | 4813 ||| Stepping ~*~*~tactically~*~*~ (stealth).
  4877 | D:6      | 4877 ||| Stepping ~*~*~tactically~*~*~ (hiding).
  4879 | D:6      | 4879 ||| Stepping ~*~*~tactically~*~*~ (hiding).
  4889 | D:6      | 4889 ||| Stepping ~*~*~tactically~*~*~ (stealth).
  4915 | D:6      | 4915 ||| Stepping ~*~*~tactically~*~*~ (hiding).
  4917 | D:6      | 4917 ||| Stepping ~*~*~tactically~*~*~ (hiding).
  5073 | D:6      | Reached skill level 7 in Axes
  5081 | D:6      | 5081 ||| Stepping ~*~*~tactically~*~*~ (stealth).
  5152 | D:6      | Identified the ring "Fedive" {Ice rElec Str+4}
  5216 | D:6      | Noticed Grum
  5217 | D:6      | 5217 ||| INVOKING Heroism.
  5226 | D:6      | Killed Grum
  5226 | D:6      | Reached ** piety under Okawaru
  5405 | D:6      | 5405 ||| INVOKING Heroism.
  5477 | D:6      | 5477 ||| INVOKING Heroism.
  5589 | D:6      | Identified the +10 dagger of Futuristic Exoneration {drain,
                  | rPois}
  5672 | D:6      | 5672 ||| INVOKING Heroism.
  5680 | D:6      | Reached XP level 9. HP: 45/55 MP: 9/12
  5736 | D:6      | 5736 ||| DROPPING +0 flail.
  5768 | D:6      | 5768 ||| INVOKING Heroism.
  5776 | D:6      | Reached skill level 8 in Axes
  5778 | D:6      | Reached skill level 6 in Fighting
  5874 | D:6      | 5874 ||| INVOKING Heroism.
  5902 | D:6      | 5902 ||| READING scroll of enchant weapon.
  5902 | D:6      | 5902 ||| ENCHANTING +2 war axe.
  5987 | D:6      | 5987 ||| UPGRADING to +0 kite shield.
  5997 | D:6      | 5997 ||| DROPPING +0 buckler.
  5998 | D:6      | 5998 ||| READING scroll labelled JUHEIFA TUBUPN.
  5999 | D:6      | 5999 ||| READING scroll labelled DUSAMPA MIOS.
  6010 | D:7      | 6010 ||| Stepping ~*~*~tactically~*~*~ (stealth).
  6017 | D:7      | 6017 ||| Stepping ~*~*~tactically~*~*~ (stealth).
  6056 | D:7      | 6056 ||| Stepping ~*~*~tactically~*~*~ (hiding).
  6058 | D:7      | 6058 ||| INVOKING Heroism.
  6065 | D:7      | 6065 ||| Stepping ~*~*~tactically~*~*~ (hiding).
  6068 | D:7      | HP: 12/55 [orc warrior/+4 halberd of protection (7)]
  6069 | D:7      | 6069 ||| READING scroll of teleportation.
  6070 | D:7      | 6070 ||| DRINKING 2 potions of heal wounds.
  6071 | D:7      | 6071 ||| DRINKING potion of heal wounds.
  6094 | D:7      | 6094 ||| FLEEEEING.
  6095 | D:7      | 6095 ||| Stepping ~*~*~tactically~*~*~ (hiding).
  6096 | D:7      | 6096 ||| FLEEEEING.
  6097 | D:7      | 6097 ||| INVOKING Heroism.
  6105 | D:7      | HP: 6/55 [orc warrior/+4 halberd of protection (9)]
  6106 | D:7      | Slain by an orc warrior

Levels and vault maps discovered:
D:1:      dpeg_arrival_tiny_g, layout_basic, interstate_on_off,
          amcnicky_mini_pool_small, chequers_serial_rivers_micro_a,
          dreamdust_wishing_well, minivault_11
D:2:      layout_basic, columned_hall_lemuel
D:3:      gammafunk_steamed_eel, layout_loops_ring,
          nicolae_overflow_crystal_walls, serial_shops, shop,
          gammafunk_ghost_cemetery, minmay_misc_feat_columns
D:4:      layout_cave_pools, temple_statues
D:5:      layout_gridville, serial_park_tiny_2, uniq_blork_the_orc
D:6:      layout_cave_pools, serial_gnoll_camp, gnoll_camp_medium_02,
          gnoll_camp_mini_basic, gnoll_camp_mini_basic, grums_kennel
D:7:      lemuel_ice_statue, layout_loops_cross, zin_purify
Temple:   hellmonk_temple_divided_pantheon

Skill      XL: |  1  2  3  4  5  6  7  8  9 |
---------------+----------------------------+-----
Axes           | 2 3 4 5 6 7 8 |  8.0
Throwing       | 1 2 |  2.0
Dodging        | 1 |  1.8
Fighting       | 4 5 6 |  6.0
Invocations    | 2 4 |  4.1
Armour         | 4 |  4.9
Shields        | 4 |  4.5

Action                   |  1- 3 |  4- 6 |  7- 9 || total
-------------------------+-------+-------+-------++-------
Melee: War axe           |   100 |   120 |   158 ||   378
Throw: Javelin           |     3 |    31 |    16 ||    50
       Boomerang         |       |       |    21 ||    21
Invok: Heroism           |       |     1 |     9 ||    10
  Use: Scroll            |     3 |     9 |     5 ||    17
       Potion            |     1 |     1 |     3 ||     5
Armor: Scale mail        |    28 |       |       ||    28
       Plate armour      |    46 |    94 |   108 ||   248
Dodge: Dodged            |    30 |    36 |    40 ||   106
Block: Buckler           |    23 |    25 |    41 ||    89
       Kite shield       |       |       |    12 ||    12

Table legend:
 A = Non-vault XP
 B = Vault XP
 C = Vault XP percentage of total XP
 D = Non-vault monster count
 E = Vault monster count
 F = Vault count percentage of total count
                 A         B        C        D         E       F
            +---------+---------+-------+---------+---------+-------
      Total |    1794 |    1200 |  40.1 |     108 |      32 |  22.9
            +---------+---------+-------+---------+---------+-------
        D:1 |      32 |       0 |   0.0 |      19 |       0 |   0.0
        D:2 |      92 |       0 |   0.0 |      24 |       0 |   0.0
        D:3 |      45 |       0 |   0.0 |      11 |       0 |   0.0
        D:4 |     111 |       0 |   0.0 |      10 |       0 |   0.0
        D:5 |     366 |     100 |  21.5 |      14 |       1 |   6.7
        D:6 |     850 |    1100 |  56.4 |      22 |      31 |  58.5
        D:7 |     298 |       0 |   0.0 |       8 |       0 |   0.0
            +---------+---------+-------+---------+---------+-------
